 Dungeon Crawl Stone Soup version 0.29-a0-414-g5075937ec3 (webtiles) character file.

Game seed: 15013850898667616718

196 Sabo the Covered (level 5, 0/33 HPs)
             Began as a Gargoyle Fighter on May 15, 2022.
             Was an Initiate of Yredelemnul.
             Slain by Pikel
             ... wielding a +0 whip of flaming
              (4 damage)
             ... on level 4 of the Dungeon.
             The game lasted 00:24:25 (4625 turns).

Sabo the Covered (Gargoyle Fighter)                 Turns: 4625, Time: 00:24:34

Health: 0/33       AC: 19    Str: 19    XL:     5   Next: 74%
Magic:  4/4        EV:  7    Int:  9    God:    Yredelemnul [......]
Gold:   232        SH:  4    Dex: 11    Spells: 4/4 levels left

rFire   . . .      SeeInvis +   a - +0 flail
rCold   . . .      Faith    .   c - +0 buckler
rNeg    + . .      Spirit   .   p - +0 chain mail
rPois   ∞          Reflect  .   (no helmet)
rElec   +          Harm     .   m - scarf {shadows}
rCorr   .          Rampage  .   n - +0 pair of gloves
Will    .....                   (no boots)
Stlth   ..........              (no amulet)
HPRegen 0.11/turn               j - ring of see invisible
MPRegen 0.09/turn               q - +4 ring of protection

@: flying
A: sickness immunity, AC +4, negative energy resistance 1, electricity
resistance, torment resistance 1, petrification resistance, big wings, low MP 1
a: Renounce Religion, Recall Undead Harvest


You were on level 4 of the Dungeon.
You worshipped Yredelemnul.
Yredelemnul was noncommittal.
You visited 1 branch of the dungeon, and saw 4 of its levels.

You collected 232 gold pieces.

Inventory:

Hand Weapons
 a - a +0 flail (weapon)
 o - a +0 hunting sling
Missiles
 b - 13 poisoned darts (quivered)
Armour
 c - a +0 buckler (worn)
 m - a scarf of shadows (worn)
 n - a +0 pair of gloves (worn)
 p - a +0 chain mail (worn)
Jewellery
 j - a ring of see invisible (left hand)
 q - a +4 ring of protection (right hand)
Scrolls
 e - a scroll of fear
 g - a scroll of blinking
 i - a scroll of teleportation {unknown}
 r - a scroll of fog {unknown}
Potions
 d - a potion of might
 f - 4 potions of curing
 h - a potion of mutation
 k - a potion of brilliance {unknown}
 l - 2 potions of ambrosia {unknown}


   Skills:
 + Level 3.8 Fighting
 + Level 3.4 Maces & Flails
 + Level 4.9 Armour
 + Level 0.5 Dodging
 + Level 0.3 Stealth
 + Level 4.2 Shields


You had 4 spell levels left.
You didn't know any spells.
Your spell library contained the following spells:

 Spells                   Type           Power      Damage    Failure   Level
 Animate Skeleton         Necr           0%         N/A       99%         1
 Apportation              Tloc           0%         N/A       99%         1
 Beastly Appendage        Tmut           0%         N/A       99%         1
 Summon Small Mammal      Summ           0%         N/A       99%         1
 Wereblood                Tmut           0%         N/A       100%        2
 Call Canine Familiar     Summ           0%         N/A       100%        3
 Portal Projectile        Hex/Tloc       0%         N/A       100%        3
 Spider Form              Tmut/Pois      0%         N/A       100%        3
 Summon Guardian Golem    Hex/Summ       0%         N/A       100%        3
 Leda's Liquefaction      Hex/Erth       0%         N/A       100%        4
 Passage of Golubria      Tloc           0%         N/A       100%        4
 Lee's Rapid Deconstruct  Erth           0%         3d5*      100%        5
 Silence                  Hex/Air        0%         N/A       100%        5
 Lehudib's Crystal Spear  Conj/Erth      0%         10d2      100%        8
 Statue Form              Tmut/Erth      Unusable   N/A       N/A         6

Dungeon Overview and Level Annotations

Branches:
Dungeon (4/15)
 Temple: D:4-7

Altars:
Yredelemnul

Shops:
D:1 [

Annotations:
D:4 Pikel


Innate Abilities, Weirdness & Mutations

You are immune to sickness and miasma.
Your stone body is resilient. (AC +4)
You are immune to poison.
You resist negative energy. (rN+)
You are resistant to electric shocks. (rElec)
You are resistant to unholy torment.
You are immune to petrification.
Your large and strong wings let you fly.
Your magical capacity is low. (-10% MP)


Message History

The lemure hits you but does no damage. x2
Your worm zombie bites the lemure but does no damage.
You hit the lemure.
The lemure is severely wounded.
The lemure hits you. The lemure hits you but does no damage.
You sock the lemure!
You kill the lemure!
That felt strangely unrewarding.
The lemure hits you but does no damage.
Your worm zombie barely misses the lemure.
The lemure hits you but does no damage.
You miss Pikel. Pikel hits you but does no damage.
The lemure hits you but does no damage.
You closely miss Pikel. Pikel hits you but does no damage.
A lemure comes into view.
The lemure hits you but does no damage.
Your worm zombie misses the lemure.
You hit Pikel.
Pikel is lightly wounded.
Pikel barely misses you. The lemure hits you but does no damage.
Pikel hits you with a +0 whip of flaming.
Pikel burns you. The lemure completely misses you.
You closely miss Pikel.
Pikel is lightly wounded.
The lemure hits your worm zombie! Pikel hits you but does no damage.
Your worm zombie barely misses the lemure.
You hit Pikel but do no damage.
Pikel is lightly wounded.
Pikel hits you but does no damage. The lemure hits your worm zombie.
You hit Pikel but do no damage.
Pikel is lightly wounded.
Pikel waves his whip at you. Pikel hits you but does no damage.
The lemure hits you but does no damage.
Your worm zombie bites the lemure.
The lemure hits you. Pikel hits you but does no damage.
The lemure hits you but does no damage. x2
You completely miss Pikel.
Pikel is lightly wounded.
Pikel hits you with a +0 whip of flaming!
* * * LOW HITPOINT WARNING * * *
Pikel burns you.
You die...
Your body rises from the dead as a mindless zombie.

........# ........# 5 ........#
.5 ........# ... ........# ....
#'#########################Z5...
...........................Z....
................Z5..............
................@K..............
..).............55..............
................................
.........#######................
.........+ #.....#######+##.
.........# #.....# ....#+####
#.....+ ....+ +?....# ....#


You could see Pikel, 3 lemures and a friendly worm zombie.

Vanquished Creatures
  A lemure (D:4)
  2 hounds (D:4)
  3 adders
  A worm (D:4)
  2 dart slugs (D:2)
  10 orcs
  3 ball pythons
  4 endoplasms
  2 giant cockroaches (D:1)
  3 goblins
  5 hobgoblins
  7 jackals
  5 quokkas
  2 bats (D:1)
  A frilled lizard (D:2)
  6 kobolds
  6 rats
63 creatures vanquished.

Vanquished Creatures (collateral kills)
  An adder (D:2)
  2 dart slugs
  2 endoplasms
  A hobgoblin (D:4)
  A jackal (D:4)
  A quokka (D:1)
  2 ball pythons (D:1)
  A frilled lizard (D:2)
  A kobold (D:1)
  A rat (D:3)
13 creatures vanquished.

Vanquished Creatures (others)
  An adder zombie (D:4)
  A ball python zombie (D:3)
  A dart slug zombie (D:2)
  A goblin zombie (D:3)
  3 jackal zombies (D:4)
  2 orc zombies
  2 quokka zombies
  A rat zombie (D:2)
  21 plants (D:1)
33 creatures vanquished.

Grand Total: 109 creatures vanquished

Notes
Turn   | Place    | Note
-------+----------+-------------------------------------------
     0 | D:1      | Sabo the Gargoyle Fighter began the quest for the Orb.
     0 | D:1      | Reached XP level 1. HP: 14/14 MP: 1/1
   184 | D:1      | Found Rith's Antique Armour Emporium.
   515 | D:1      | Found a faded altar of an unknown god.
   525 | D:1      | Reached XP level 2. HP: 18/19 MP: 2/2
   630 | D:1      | Prayed at the altar of an unknown god.
   630 | D:1      | Became a worshipper of Yredelemnul the Dark
   630 | D:1      | Reached * piety under Yredelemnul
   963 | D:1      | Reached XP level 3. HP: 24/24 MP: 3/3
  1626 | D:1      | Gained mutation: You have large cloven feet. [potion of
                  | mutation]
  1627 | D:1      | Lost mutation: You have large cloven feet. [potion of
                  | mutation]
  1627 | D:1      | Gained mutation: Your magical capacity is low. (-10% MP)
                  | [potion of mutation]
  1627 | D:1      | Gained mutation: Your large and strong wings let you fly.
                  | [potion of mutation]
  2028 | D:2      | Reached XP level 4. HP: 26/29 MP: 3/3
  3884 | D:4      | Reached XP level 5. HP: 33/33 MP: 4/4
  4595 | D:4      | Noticed a lemure
  4595 | D:4      | Noticed a lemure
  4595 | D:4      | Noticed a lemure
  4614 | D:4      | Noticed Pikel
  4618 | D:4      | Killed a lemure
  4620 | D:4      | Noticed a lemure
  4625 | D:4      | Slain by Pikel

Illustrated notes

Levels and vault maps discovered:
D:1:      amcnicky_arrival_choice, layout_basic,
          hellmonk_ecumenical_altar_dog_temple, serial_shops,
          nicolae_shop_overgrown_old_shop, serial_bayou_pond_c
D:2:      layout_rooms, grunt_ministairs_8
D:3:      layout_basic, minmay_misc_feat_roman, kennysheep_generic_room_7
D:4:      layout_gridville, uniq_pikel

Skill      XL: |  1  2  3  4  5 |
---------------+----------------+-----
Armour         | 4 |  4.9
Maces & Flails | 3 |  3.4
Shields        | 4 |  4.2
Fighting       | |  3.8
Dodging        | |  0.5
Stealth        | |  0.3

Action                   |  1- 3 |  4- 6 || total
-------------------------+-------+-------++-------
Melee: Flail             |   135 |   119 ||   254
Throw: Dart              |       |     4 ||     4
  Use: Potion            |     3 |     1 ||     4
       Scroll            |       |     5 ||     5
 Stab: Distracted        |     1 |     1 ||     2
Armor: Scale mail        |    74 |    26 ||   100
       Chain mail        |       |    75 ||    75
Dodge: Dodged            |    67 |    58 ||   125
Block: Buckler           |    35 |    26 ||    61

Table legend: (Time is in decaauts)
 A = Elapsed time spent in this place.
 B = Non-inter-level travel time spent in this place.
 C = Inter-level travel time spent in this place.
 D = Time resting spent in this place.
 E = Time spent auto-exploring this place.
 F = Levels seen in this place.
 G = Mean time per level.
                   A        B        C        D        E       F      G
               +--------+--------+--------+--------+--------+-----+--------+
         Total |   4710 |   4710 |      0 |   1236 |      0 |   4 | 1177.5 |
       Dungeon |   4710 |   4710 |      0 |   1236 |      0 |   4 | 1177.5 |
               +--------+--------+--------+--------+--------+-----+--------+

Top non-repeatable levels by time:
     D:1: 1665 daAuts
     D:3: 1206 daAuts
     D:2: 1018 daAuts
     D:4: 820 daAuts
